 Dungeon Crawl Stone Soup version 0.30.1-11-g7821555f0a (webtiles) character file.

Game seed: 3160394943464098740

306 Gladio the Cudgeller (level 6, -3/48 HPs)
             Began as a Human Fighter on Oct 30, 2023.
             Slain by Maggie
             ... wielding a +0 long sword
              (5 damage)
             ... on level 7 of the Dungeon.
             The game lasted 00:03:59 (2800 turns).

Gladio the Cudgeller (Human Fighter)                Turns: 2800, Time: 00:04:00

Health: -3/48      AC:  9    Str: 18    XL:     6   Next: 67%
Magic:  6/6        EV:  7    Int:  8    God:
Gold:   158        SH:  4    Dex: 13    Spells: 5/5 levels left

rFire   . . .        a - +0 flail
rCold   . . .        c - +0 buckler
rNeg    . . .        y - +0 chain mail
rPois   .            (no helmet)
rElec   .            (no cloak)
rCorr   .            (no gloves)
SInv    .            (no boots)
Will    +....        (no amulet) Stlth
                     m - ring of willpower
HPRegen 0.28/turn    r - ring of flight
MPRegen 0.10/turn

%: no passive effects
@: mighty, flying, mesmerised
A: no striking features
a: no special abilities


You were on level 7 of the Dungeon.
You visited 1 branch of the dungeon, and saw 5 of its levels.

You collected 158 gold pieces.

Inventory:

Hand Weapons
 a - a +0 flail (weapon)
Missiles
 h - 6 poisoned darts (quivered)
 i - a throwing net
 o - 6 boomerangs
Armour
 b - a +0 scale mail
 c - a +0 buckler (worn)
 y - a +0 chain mail (worn)
Jewellery
 m - a ring of willpower (left hand)
 r - a ring of flight (right hand)
Wands
 p - a wand of charming (6)
Scrolls
 e - 2 scrolls of vulnerability {unknown}
 g - a scroll of poison {unknown}
 j - a scroll of magic mapping {unknown}
 k - a scroll of teleportation {unknown}
 l - a scroll of torment {unknown}
 n - 3 scrolls of enchant weapon {unknown}
 s - a scroll of blinking {unknown}
 w - a scroll of amnesia {unknown}
 A - 2 scrolls of identify {unknown}
Potions
 f - 2 potions of magic {unknown}
 q - a potion of heal wounds {unknown}
 t - a potion of flight {unknown}
 u - a potion of cancellation {unknown}
 v - a potion of lignification {unknown}
 x - a potion of curing {unknown}
 z - a potion of haste {unknown}
 B - a potion of berserk rage {unknown}


   Skills:
 + Level 4.3 Fighting
 * Level 4.8(5.2) Maces & Flails
 + Level 2.7(4.2) Staves
 - Level 3.0 Armour
 - Level 3.0 Shields


You had 5 spell levels left.
You didn't know any spells.
Your spell library contained the following spells:

 Spells                   Type           Power      Damage    Failure   Level
 Apportation              Tloc           0%         N/A       99%         1
 Cigotuvi's Dreadful Rot  Necr/Pois/Air  0%         N/A       100%        2
 Dispel Undead            Necr           0%         3d6       100%        4
 Alistair's Intoxication  Tmut/Pois      0%         N/A       100%        5
 Death Channel            Necr           0%         N/A       100%        6


Dungeon Overview and Level Annotations

Branches:
Dungeon (4/15)
 Temple: D:4-7

Altars:
Kikubaaqudgha

Annotations:
D:7 Maggie


Message History

You sock Maggie!
Maggie is moderately wounded.
Maggie barely misses you.
You hit Maggie.
Maggie is moderately wounded.
Maggie closely misses you.
You closely miss Maggie.
Maggie is moderately wounded.
Maggie hits you with a +0 long sword!
* * * LOW HITPOINT WARNING * * *
You hit Maggie but do no damage.
Maggie is moderately wounded.
You block Maggie's attack.
You closely miss Maggie.
Maggie is moderately wounded.
Maggie hits you with a +0 long sword!
* * * LOW HITPOINT WARNING * * *
Unknown command.
You hit Maggie.
Maggie is moderately wounded.
Maggie barely misses you.
Unknown command.
You closely miss Maggie.
Maggie is moderately wounded.
You block Maggie's attack.
You barely miss Maggie.
Maggie is moderately wounded.
Maggie casts a spell.
Maggie attempts to bespell you!
You are mesmerised by Maggie!
Maggie mumbles some strange words.
Maggie draws you further into her thrall.
You closely miss Maggie.
Maggie is moderately wounded.
Maggie hits you with a +0 long sword.
* * * LOW HITPOINT WARNING * * *
You sock Maggie!
Maggie is heavily wounded.
Maggie hits you with a +0 long sword.
You die...

#. #.#
#.# ##.#
...
##.##
##...##
#...@@#
##...#.#
##.#.##
#.##.#
#.# #.#
#+# ##


You could see Maggie (mesmerising).

Vanquished Creatures
  A scorpion (D:4)
  2 hounds
  An iguana (D:3)
  An orc wizard (D:4)
  5 adders
  2 dart slugs
  5 orcs (D:3)
  6 ball pythons
  3 endoplasms
  3 giant cockroaches
  9 goblins
  7 hobgoblins
  3 jackals (D:1)
  5 kobolds
  4 quokkas
  9 bats
  4 frilled lizards
  12 rats
82 creatures vanquished.

Notes
Turn   | Place    | Note
-------+----------+-------------------------------------------
     0 | D:1      | Gladio the Human Fighter began the quest for the Orb.
     0 | D:1      | Reached XP level 1. HP: 18/18 MP: 1/1
    40 | D:1      | Reached XP level 2. HP: 7/24 MP: 2/2
   463 | D:1      | Reached XP level 3. HP: 29/29 MP: 3/3
   470 | D:1      | Reached skill level 1 in Staves
  1275 | D:2      | Reached XP level 4. HP: 32/35 MP: 4/4
  1650 | D:3      | Reached XP level 5. HP: 32/42 MP: 5/5
  1844 | D:3      | Found an ancient bone altar of Kikubaaqudgha.
  2369 | D:3      | Reached XP level 6. HP: 11/48 MP: 6/6
  2788 | D:4      | You are sucked into a shaft and drop 3 floors!
  2789 | D:7      | Noticed Maggie
  2799 | D:7      | HP: 2/48 [Maggie/+0 long sword (6)]
  2800 | D:7      | Slain by Maggie

Illustrated notes

Levels and vault maps discovered:
D:1:      elethiomel_arrival_quiet, layout_basic, grunt_decor_fettered
D:2:      layout_basic
D:3:      minmay_diamond_boxcup, layout_loops_ring, kiku_gazebo_pond_becter,
          chequers_serial_rivers_large_b, minmay_misc_feat_columns
D:4:      layout_cave_pools, mainiacjoe_overflow_alcove_1, temple_statues,
          minmay_misc_feat_encased, uniq_crazy_yiuf_cottage
D:7:      layout_loops_corners, overflow_temple_1_default, fedhas_altar_4,
          serial_glass, glass_columns_b, glass_columns_c, uniq_maggie,
          uniq_duvessa

Skill      XL: |  1  2  3  4  5 |
---------------+----------------+-----
Staves         | 1 2 |  2.7
Maces & Flails | 3 4 |  4.8
Fighting       | 4 |  4.3
Armour         | |  3.0
Shields        | |  3.0

Action                     |  1- 3 |  4- 6 || total
---------------------------+-------+-------++-------
  Melee: Flail             |    96 |   171 ||   267
  Throw: Dart              |     1 |     3 ||     4
    Use: Potion            |       |     1 ||     1
 Armour: Scale mail        |    53 |    50 ||   103
         Chain mail        |       |    24 ||    24
  Dodge: Dodged            |    56 |    78 ||   134
  Block: Buckler           |    36 |    37 ||    73
